AoeStats
← illusiontheif

Arena

509006232Analyzed
1v1 RM · 9d ago on Sep 25, 2026· 43m 25s· 2 players
Game mode
Random Map
Map size
Tiny (2 player)
Population
200
Speed
Normal
Resources
Standard
Victory
Conquest
Starting age
Dark Age
Ending age
Imperial Age
RankedLock teamsTeams togetherTeam positionsShared explorationLock speedFull tech treeHidden civsTurbo modeCheats
Victory
Defeat
🇵🇪 Franks · Peru
724
+15
🇺🇸 Wei · United States
701
-15
illusiontheif
2:28 Loom
11:12 Feudal Age
12:22 Horse Collar
12:31 Double-Bit Axe
13:11 Gold Mining
13:48 Stone Mining
22:50 Castle Age
21:24 Bloodlines
22:10 Forging
22:16 Scale Barding Armor
27:13 Gold Shaft Mining
27:16 Stone Shaft Mining
26:43 Heavy Plow
26:56 Bow Saw
32:32 Imperial Age
29:52 Town Watch
31:32 Iron Casting
31:01 Husbandry
32:39 Wheelbarrow
32:06 Town Patrol
33:38 Chain Barding Armor
34:46 Hand Cart
35:38 Blast Furnace
35:10 Conscription
36:39 Crop Rotation
37:29 Fletching
38:00 Heavy Hei Guang Cavalry
39:33 Parthian Tactics
40:07 Conscription
CaElike
10:34 Feudal Age
11:57 Double-Bit Axe
17:16 Castle Age
18:52 Bow Saw
19:46 Gold Mining
19:47 Stone Mining
23:44 Gold Shaft Mining
24:02 Wheelbarrow
23:13 Loom
23:54 Scale Barding Armor
23:59 Forging
25:20 Hand Cart
27:19 Squires
26:39 Pikeman
28:26 Husbandry
29:04 Iron Casting
28:50 Chain Barding Armor
32:22 Imperial Age
29:40 Town Watch
34:55 Chemistry
34:15 Ballistics
34:15 Cavalier
36:09 Paladin
38:03 Chivalry
37:24 Ordonnance Companies
39:08 Plate Barding Armor
39:33 Blast Furnace
39:24 Fortified Wall
40:29 Conscription
42:22 Scale Mail Armor
Connection lost

Rejoining the realm…

Still unreachable

The connection could not be restored.

Session expired

The server has moved on; the page needs a fresh start.